 Dungeon Crawl Stone Soup version 0.27.0-1-g7a089689b8 (webtiles) character file.

Game seed: 7006075584156474329

432 Spectrina the Magician (level 7, 0/45 HPs)
             Began as a Djinni Necromancer on Aug 16, 2021.
             Was a Priest of Jiyva.
             Slain by an adder (3 damage)
             ... on level 3 of the Dungeon on Aug 17, 2021.
             The game lasted 00:21:05 (1791 turns).

Spectrina the Magician (Djinni Necromancer)         Turns: 1791, Time: 00:21:06

Health: 0/45       AC:  7    Str:  8    XL:     7   Next: 20%
Gold:   96         EV: 11    Int: 17    God:    Jiyva [***...] SH:  3 Dex: 14

rFire    + + +     SeeInvis +   b - +0 short sword (spect)
rCold    x . .     Faith    .   i - +0 buckler
rNeg     . . .     Spirit   .   h - +2 leather armour {rF+}
rPois    ∞         Reflect  .   (helmet restricted)
rElec    .         Harm     .   (no cloak)
rCorr    +         Rampage  .   (no gloves)
Will     .....                  (boots unavailable)
Stlth    ++........             (no amulet)
HPRegen  0.15/turn              (no ring)
MPRegen  0.00/turn              (no ring)

@: flying
A: sickness immunity, fire resistance 2, cold vulnerability 1, float, innate
caster, hp casting, extra vitality 1, horns 1, iridescent scales 1, see
invisible
a: Renounce Religion, Request Jelly


You were on level 3 of the Dungeon.
You worshipped Jiyva.
Jiyva was most pleased with you.
You visited 1 branch of the dungeon, and saw 5 of its levels.

You collected 96 gold pieces.

Inventory:

Hand Weapons
 b - a +0 spectral short sword (weapon)
Missiles
 c - 35 stones (quivered)
Armour
 a - a +0 robe
 h - a +2 leather armour of fire resistance (worn)
 i - a +0 buckler (worn)
Scrolls
 f - a scroll of identify


   Skills:
 - Level 2.1 Dodging
 - Level 1.5 Stealth
 + Level 6.3 Spellcasting


You couldn't memorise any spells.
You knew the following spells:

 Your Spells              Type           Power      Damage    Failure   Level
a - Pain                  Necr           100%       1d9       2%          1
b - Blink                 Tloc           N/A        N/A       3%          2
i - Corpse Rot            Necr/Air       N/A        N/A       3%          2
k - Agony                 Necr           26%        N/A       52%         5
l - Vampiric Draining     Necr           13%        2d7       7%          3
o - Animate Dead          Necr           13%        N/A       22%         4
p - Animate Skeleton      Necr           52%        N/A       2%          1
q - Corona                Hex            28%        N/A       2%          1
Your spell library was empty.

Dungeon Overview and Level Annotations

Branches:
Dungeon (5/15)
 Temple: D:4-7

Altars:
Elyvilon
Jiyva


Innate Abilities, Weirdness & Mutations

You are immune to sickness and miasma.
You are immune to poison.
Your flesh is very heat resistant. (rF++)
You are vulnerable to cold. (rC-)
You float through the air rather than walking.
You learn spells naturally, not from books.
Your magical power is your life essence.
You have superior vitality. (+4 HP)
You have a pair of small horns on your head.
You are partially covered in iridescent scales. (AC +2)
You have supernaturally acute eyesight. (SInv)


Message History

The sky beast hits your orc. The sky beast shocks your orc.
Your orc dies!
Your orc's corpse dissolves into shadows!
Unknown command.
The ogre hits your orc with a +0 giant club!!
Your orc dies!
Your orc's corpse dissolves into shadows!
The sky beast flickers out of sight for a moment.
There is a stone staircase leading up here.
You fly upwards.
The adder skeleton bites you but does no damage.
The necrophage hits you.
* * * LOW HITPOINT WARNING * * *
The adder skeleton bites you but does no damage.
There is a stone staircase leading down here.
Unknown command.
Okay, then.
You aren't carrying any potions.
The necrophage hits you but does no damage.
Casting: Vampiric Draining (dangerous; 7% risk of failure)
Confirm with . or Enter, or press ? or * to list all spells.
You blink.
* * * LOW HITPOINT WARNING * * *
Unknown command.
The adder misses you.
Okay, then.
Okay, then.
You aren't carrying any potions.
Unknown command.
You block the adder's attack. The adder closely misses you.
There is a stone staircase leading up here.
The wyvern zombie bites you but does no damage.
The adder bites you.
* * * LOW HITPOINT WARNING * * *
You fly upwards.
There is a stone staircase leading down here.
Unknown command.
The adder bites you.
You die...

.....................'.......##.#
###.#...##.#....J....####...###.#
#.##.###.##.......###.........#
#.##.# #.###.....## #.#.......#
#....# #.# ##...## #.##..###.#
#..#####.# ##.## # #.## #.#
#........# #.# #.##.####.#
##.####### #.# #.........#
#.####### ##@#### ####.######
#.......# ##.S.#.## #.# #######.#
#.......## #.# #.# ##.......##
#.# #†# ##.......###.#
#.######..........#
#...........####### ##########.##
###


You could see an adder and a neutral jelly (wandering) (fellow slime).

Vanquished Creatures
  Grinder (D:3)
  A scorpion (D:5)
  A hound (D:4)
  An orc priest (D:3)
  An iguana (D:5)
  Natasha (twice) (D:3)
  3 adders
  An ufetubus (D:5)
  A dart slug (D:1)
  2 orcs
  A ball python (D:3)
  7 bats
  2 giant cockroaches
  A goblin (D:4)
  4 hobgoblins
  3 kobolds
  A quokka (D:4)
  4 frilled lizards
  4 rats
41 creatures vanquished.

Vanquished Creatures (collateral kills)
  An orc (D:5)
1 creature vanquished.

Vanquished Creatures (others)
  A jelly (D:3)
  An orc priest (D:3)
  Natasha (D:3)
  Terence (D:3)
  Ijyb (D:3)
  An orc wizard (D:3)
  A dart slug (D:1)
  3 endoplasms
  An orc (D:3)
  A giant cockroach (D:3)
  4 quokkas
  A ball python (D:2)
  3 bats
  3 goblins (D:1)
  A kobold (D:3)
  2 rats
  A demonic plant (D:1)
  14 plants
41 creatures vanquished.

Grand Total: 83 creatures vanquished

Notes
Turn   | Place    | Note
-------+----------+-------------------------------------------
     0 | D:1      | Spectrina the Djinni Necromancer began the quest for the
                  | Orb.
     0 | D:1      | Reached XP level 1. HP: 15/15 MP: 0/0
   167 | D:1      | Found a faded altar of an unknown god.
   167 | D:1      | Noticed an Ice Fiend
   172 | D:1      | Reached XP level 2. HP: 3/21 MP: 0/0
   178 | D:1      | Became a worshipper of Jiyva Jaagasme the Shapeless
   178 | D:1      | Reached * piety under Jiyva
   225 | D:1      | HP: 1/21 [dart slug (2)]
   485 | D:2      | Reached ** piety under Jiyva
   669 | D:3      | Found a white marble altar of Elyvilon.
   669 | D:3      | Noticed Natasha
   854 | D:3      | Reached XP level 3. HP: 13/25 MP: 0/0
   854 | D:3      | Learned a level 1 spell: Corona
   948 | D:3      | Killed Terence
   987 | D:3      | Noticed Grinder
  1035 | D:3      | Killed Grinder
  1036 | D:3      | Reached skill level 5 in Spellcasting
  1036 | D:3      | Reached XP level 4. HP: 13/31 MP: 0/0
  1036 | D:3      | Reached XP level 5. HP: 14/35 MP: 0/0
  1036 | D:3      | Learned a level 2 spell: Blink
  1036 | D:3      | Reached XP level 6. HP: 16/40 MP: 0/0
  1135 | D:4      | Noticed an ogre
  1162 | D:3      | Killed Ijyb
  1218 | D:3      | Killed Natasha
  1224 | D:3      | Gained mutation: You are partially covered in iridescent
                  | scales. (AC +2) [potion of mutation]
  1224 | D:3      | Gained mutation: You have a pair of small horns on your
                  | head. [potion of mutation]
  1224 | D:3      | Gained mutation: You have supernaturally acute eyesight.
                  | (SInv) [potion of mutation]
  1278 | D:3      | Killed Natasha
  1372 | D:3      | Reached *** piety under Jiyva
  1506 | D:4      | Noticed a black bear
  1558 | D:3      | Noticed Natasha
  1571 | D:3      | Killed Natasha
  1653 | D:4      | Noticed a necrophage
  1703 | D:5      | Entered Level 5 of the Dungeon
  1707 | D:5      | Noticed a sky beast
  1709 | D:5      | Reached skill level 6 in Spellcasting
  1709 | D:5      | Reached XP level 7. HP: 41/45 MP: 0/0
  1709 | D:5      | Learned a level 2 spell: Corpse Rot
  1791 | D:3      | Slain by an adder

Illustrated notes

Levels and vault maps discovered:
D:1:      dpeg_arrival_windows_large_door, layout_basic,
          dreamdust_ecumenical_altar_sealed_demon, serial_forest,
          infiniplex_forest_clump_C, infiniplex_forest_lined_ring,
          infiniplex_forest_clump_diagonal, infiniplex_forest_zigzag_1,
          infiniplex_forest_corner_1, chequers_serial_rivers_small_b
D:2:      layout_basic, serial_forest, infiniplex_forest_straight_2,
          infiniplex_forest_zigzag_1, infiniplex_forest_straight_1,
          infiniplex_forest_clump_tiny, infiniplex_forest_lined_2,
          infiniplex_forest_lined_3, infiniplex_forest_clump_diagonal
D:3:      layout_loops_corners, elyvilon_altar_4, minmay_misc_feat_columns,
          uniq_terence, uniq_grinder, uniq_natasha, uniq_ijyb
D:4:      layout_cave_pools, lemuel_mausoleum_altar_kikubaaqudgha,
          hangedman_decor_push
D:5:      layout_rooms, gup_sewer_entry_spiral, uniq_menkaure, uniq_eustachio

Skill      XL: |  1  2  3  4  5  6 |
---------------+-------------------+-----
Spellcasting   | 5 6 |  6.3
Dodging        | |  2.1
Stealth        | |  1.5

Action                   |  1- 3 |  4- 6 |  7- 9 || total
-------------------------+-------+-------+-------++-------
Melee: Unarmed           |     9 |       |       ||     9
       Short sword       |    14 |    13 |       ||    27
Throw: Stone             |       |       |     2 ||     2
 Cast: Pain              |    34 |     4 |       ||    38
       Vampiric Draining |     2 |    16 |     7 ||    25
       Blink             |       |     2 |     2 ||     4
       Animate Skeleton  |       |     2 |       ||     2
       Corpse Rot        |       |       |     1 ||     1
  Use: Scroll            |     4 |     1 |     1 ||     6
       Potion            |     1 |     1 |       ||     2
 Stab: Sleeping          |     2 |     2 |       ||     4
Armor: Robe              |     2 |       |       ||     2
       Leather armour    |     3 |     3 |     7 ||    13
Dodge: Dodged            |     9 |    18 |     4 ||    31
Block: Buckler           |       |     5 |     2 ||     7
